Pick #1

Connor Bedard
Pick #2

Leo Carlsson
Pick #3

Adam Fantilli
Pick #4

Matvei Michkov
Pick #5

David Reinbacher
Pick #6

William Smith
Pick #7

Zachary Benson
Pick #8

Ryan Leonard
Pick #9

Gabriel Perreault
Pick #10

Axel Sandin-Pellika
Pick #11

Daniil But
Pick #12

Dalibor Dvorsky
Pick #13

Quentin Musty
Pick #14

Brayden Yager
Pick #15

Dmitry Simashev
Pick #16

Colby Barlow
Pick #17

Andrew Cristall
Pick #18

Easton Cowan
Pick #19

Jacob Fowler
Pick #20

Oliver Moore
Pick #21

Oliver Bonk
Pick #22

Tom Willander
Pick #23

Calum Ritchie
Pick #24

Tanner Molendyk
Pick #25

Gavin Brindley
Pick #26

Nate Danielson
Pick #27

Pick #28

Pick #29

Pick #30

Pick #31

Pick #32

Pick #33

Pick #34

Pick #35

Pick #36

Pick #37

Pick #38

Pick #39

Pick #40

Pick #41

Pick #42

Pick #43

Pick #44

Pick #45

Pick #46

Pick #47

Pick #48

Pick #49

Pick #50

Pick #51

Pick #52

Pick #53

Pick #54

Pick #55

Pick #56

Pick #57

Pick #58

Pick #59

Pick #60

Pick #61

Pick #62

Pick #63

Pick #64

Pick #65

Pick #66

Pick #67

Pick #68

Pick #69

Pick #70

Pick #71

Pick #72

Pick #73

Pick #74

Pick #75

Pick #76

Pick #77

Pick #78

Pick #79

Pick #80

Pick #81

Pick #82

Pick #83

Pick #84

Pick #85

Pick #86

Pick #87

Pick #88

Pick #89

Pick #90

Pick #91

Pick #92

Pick #93

Pick #94

Pick #95

Pick #96

Pick #97

Pick #98

Pick #99

Pick #100

Pick #101

Pick #102

Pick #103

Pick #104

Pick #105

Pick #106

Pick #107

Pick #108

Pick #109

Pick #110

Pick #111

Pick #112

Pick #113

Pick #114

Pick #115

Pick #116

Pick #117

Pick #118

Pick #119

Pick #120

Pick #121

Pick #122

Pick #123

Pick #124

Pick #125

Pick #126

Pick #127

Pick #128

Pick #129

Pick #130

Full Scoreboard »»

Blues vs Canucks (R4)

Created - November 4, 2023 at 22:02

Goals
1 2 3 T
Blues 2 0 0 2
Canucks 2 0 2 4
Shots
1 2 3 T
Blues 11 9 8 28
Canucks 10 11 11 32

GoalsPenalties
1st period
1. Canucks , Brayden Point 7 (Morgan Rielly 4, Mitch Marner 8) at 8:48
2. Blues , Auston Matthews 7 (Nico Hischier 9) at 11:56
3. Canucks , Kevin Hayes 2 (Bowen Byram 6, Jordan Spence 1) at 12:13
4. Blues , Filip Hronek 3 (Yanni Gourde 7, Auston Matthews 6) at 18:38 (PP)
Mitch Marner (VAN) for Tripping (Minor) at 17:21
2nd period
No Goal
Yanni Gourde (STL) for Charging (Minor) at 0:44
Mitch Marner (VAN) for Slashing (Minor) at 0:46
Ryan Nugent-Hopkins (VAN) for Hooking (Minor) at 0:57
Nico Hischier (STL) for High sticking (Minor) at 0:57
Filip Hronek (STL) for Slashing (Minor) at 13:20
Devon Toews (STL) for Hooking (Minor) at 13:35
3rd period
5. Canucks , Jordan Spence 1 (Mathew Barzal 5, Bowen Byram 7) at 1:29
6. Canucks , Bowen Byram 2 (Conor Garland 3, Jordan Spence 2) at 4:18
Kris Letang (STL) for Tripping (Minor) at 16:39
Goalie Stats
Carter Hart (STL), 28 saves from 32 shots - (0.875), L, 7-4-1, 60:00 minutes
Cam Talbot (VAN), 26 saves from 28 shots - (0.929), W, 2-3-0, 60:00 minutes
3 StarsOfficial
1 - Bowen Byram (VAN)
2 - Jordan Spence (VAN)
3 - Brayden Point (VAN)
Referees : Kenny Anderson and Kelly Sutherland
Linesman : Dennis Urban and Shandor Alphonso
Game Note
No Game Note
Finance
Level 1 -- Attendance: 6500 (100.00%) -- Ticket Income $780,000
Level 2 -- Attendance: 5000 (100.00%) -- Ticket Income $425,000
Level 3 -- Attendance: 3247 (92.77%) -- Ticket Income $162,350
Level 4 -- Attendance: 2690 (92.44%) -- Ticket Income $94,150
Luxury Box -- Attendance: 893 (89.30%) -- Ticket Income $178,600
Game was played at the Rogers Arena.
Total Attendance: 18330 (96.93%)
Total Ticket Income: $1,640,100
Other Income: $410,025
Total Income: $2,050,125



Team Name Goals Shots Shots Attemp Shots Blocked PIM HIT PP PK FO%
Blues 22838910341 / 2 (50%)051%
Canucks 4325526340 / 4 (0%)149%

Blues
Player Name POS G A P +/- PIM HIT SHT SB MP PP MP PP SHT PK MP PK SHT FO% FOT
Andrew MangiapaneLW000-2002014:290:4501:0800% 0
Anthony DeAngeloD000-1030015:420:4902:1300% 0
Auston MatthewsC1120032022:340:3201:23075% 8
Cale MakarD000-1020126:530:2802:0600% 0
Carson SoucyD000-1050012:400:0000:0000% 0
Clayton KellerRW0000014119:080:0000:00033% 3
Craig SmithC000-1010016:030:0000:000100% 1
Curtis LazarC000002205:510:0000:00082% 11
Derek RyanC000-2002013:360:3201:48032% 19
Devon ToewsD000-1210118:310:0001:0200% 0
Evan RodriguesC000000305:510:0000:0000% 1
Filip HronekD101-1221119:540:4911:3700% 0
Jack EichelC000-1004017:270:4500:00047% 19
Kris LetangD000-1251426:340:4501:3100% 0
Miles WoodLW000-2041111:550:0000:0000% 1
Nico HischierC0110215021:090:2811:23048% 23
Sheldon DriesC000001005:510:0000:0000% 0
Yanni GourdeC011-1231017:380:3201:04067% 3
Canucks
Player Name POS G A P +/- PIM HIT SHT SB MP PP MP PP SHT PK MP PK SHT FO% FOT
Alec MartinezD0000010116:082:3401:0100% 0
Alex NewhookC000000106:080:0000:0000% 0
Boone JennerC0001012012:210:0000:26050% 16
Bowen ByramD1232043023:311:4101:0100% 0
Brayden PointC1011047021:321:5620:00048% 25
Cody GlassC000001006:350:0000:00055% 11
Conor GarlandRW011001106:080:0000:0000% 0
Jason ZuckerLW0001052017:430:0000:5300% 2
Jordan SpenceD1232001020:490:0000:0000% 0
Kevin HayesC1011022014:382:1900:24075% 4
Marcus JohanssonLW0001002011:550:0000:000100% 2
Martin NecasC0001040020:142:1900:00050% 2
Mathew BarzalC0111005019:321:5600:00020% 5
Mitch MarnerC/LW/RW0111424020:001:5520:000100% 1
Morgan RiellyD0111030123:031:4100:1800% 0
Ryan Nugent-HopkinsC0001211019:422:1900:53048% 21
Samuel GirardD0001021023:562:3410:1800% 0
Ty SmithD0000030012:330:0000:0000% 0



Play-by-Play

1st period


0:01 of 1st period - Martin Necas wins face-off versus Nico Hischier in neutral zone.
0:04 of 1st period - Auston Matthews is hit by Mitch Marner and loses puck.
0:16 of 1st period - Brayden Point is hit by Cale Makar and loses puck.
0:56 of 1st period - Icing by Samuel Girard.
0:57 of 1st period - Brayden Point wins face-off versus Jack Eichel in Canucks zone.
0:57 of 1st period - Mitch Marner is hit by Yanni Gourde and loses puck.
1:30 of 1st period - Shot by Mathew Barzal.
1:30 of 1st period - Stopped by Carter Hart without a rebound.
1:31 of 1st period - Derek Ryan wins face-off versus Boone Jenner in Blues zone.
1:52 of 1st period - Icing by Ty Smith.
1:53 of 1st period - Curtis Lazar wins face-off versus Boone Jenner in Canucks zone.
2:00 of 1st period - Shot by Evan Rodrigues.
2:00 of 1st period - Deflect By Curtis Lazar.
2:00 of 1st period - Shot Misses the Net.
2:08 of 1st period - Shot by Kevin Hayes.
2:08 of 1st period - Deflect By Boone Jenner.
2:08 of 1st period - Stopped by Carter Hart without a rebound.
2:09 of 1st period - Ryan Nugent-Hopkins wins face-off versus Derek Ryan in Blues zone.
2:21 of 1st period - Icing by Bowen Byram.
2:22 of 1st period - Ryan Nugent-Hopkins wins face-off versus Jack Eichel in Canucks zone.
3:27 of 1st period - Shot by Clayton Keller.
3:27 of 1st period - Shot Misses the Net.
3:45 of 1st period - Shot by Clayton Keller.
3:45 of 1st period - Shot Misses the Net.
3:57 of 1st period - Shot by Auston Matthews.
3:57 of 1st period - Shot Misses the Net.
3:59 of 1st period - Shot by Nico Hischier.
3:59 of 1st period - Stopped by Cam Talbot without a rebound.
4:00 of 1st period - Boone Jenner wins face-off versus Derek Ryan in Canucks zone.
4:05 of 1st period - Shot by Andrew Mangiapane.
4:05 of 1st period - Deflect By Derek Ryan.
4:05 of 1st period - Shot Misses the Net.
4:37 of 1st period - Shot by Andrew Mangiapane.
4:37 of 1st period - Stopped by Cam Talbot without a rebound.
4:38 of 1st period - Curtis Lazar wins face-off versus Brayden Point in Canucks zone.
4:48 of 1st period - Cale Makar is hit by Ty Smith and loses puck.
4:53 of 1st period - Shot by Kris Letang.
4:53 of 1st period - Shot Blocked by Alec Martinez.
4:55 of 1st period - Shot by Curtis Lazar.
4:55 of 1st period - Stopped by Cam Talbot without a rebound.
4:56 of 1st period - Nico Hischier wins face-off versus Cody Glass in Canucks zone.
5:01 of 1st period - Shot by Auston Matthews.
5:01 of 1st period - Shot Blocked by Morgan Rielly.
5:08 of 1st period - Nico Hischier is hit by Morgan Rielly and loses puck.
5:34 of 1st period - Morgan Rielly is hit by Filip Hronek and loses puck.
5:49 of 1st period - Shot by Mitch Marner.
5:49 of 1st period - Deflect By Brayden Point.
5:49 of 1st period - Shot Misses the Net.
6:18 of 1st period - Icing by Ty Smith.
6:19 of 1st period - Brayden Point wins face-off versus Jack Eichel in Canucks zone.
7:05 of 1st period - Shot by Marcus Johansson.
7:05 of 1st period - Stopped by Carter Hart without a rebound.
7:06 of 1st period - Ryan Nugent-Hopkins wins face-off versus Derek Ryan in Blues zone.
7:06 of 1st period - Ryan Nugent-Hopkins is hit by Anthony DeAngelo.
7:17 of 1st period - Icing by Morgan Rielly.
7:18 of 1st period - Curtis Lazar wins face-off versus Ryan Nugent-Hopkins in Canucks zone.
7:49 of 1st period - Shot by Curtis Lazar.
7:49 of 1st period - Stopped by Cam Talbot without a rebound.
7:50 of 1st period - Boone Jenner wins face-off versus Derek Ryan in Canucks zone.
8:48 of 1st period - Shot by Brayden Point.
8:48 of 1st period - Goal by Brayden Point - Blues : 0 - Canucks : 1.
8:49 of 1st period - Mitch Marner wins face-off versus Clayton Keller in neutral zone.
9:11 of 1st period - Filip Hronek is hit by Brayden Point and loses puck.
9:31 of 1st period - Icing by Filip Hronek.
9:32 of 1st period - Ryan Nugent-Hopkins wins face-off versus Clayton Keller in Blues zone.
9:38 of 1st period - Icing by Filip Hronek.
9:39 of 1st period - Ryan Nugent-Hopkins wins face-off versus Nico Hischier in Blues zone.
9:42 of 1st period - Shot by Jason Zucker.
9:42 of 1st period - Deflect By Mathew Barzal.
9:42 of 1st period - Shot Misses the Net.
9:48 of 1st period - Shot by Jason Zucker.
9:48 of 1st period - Shot Misses the Net.
9:50 of 1st period - Shot by Bowen Byram.
9:50 of 1st period - Stopped by Carter Hart without a rebound.
9:51 of 1st period - Jack Eichel wins face-off versus Cody Glass in Blues zone.
10:01 of 1st period - Shot by Alex Newhook.
10:01 of 1st period - Stopped by Carter Hart without a rebound.
10:02 of 1st period - Brayden Point wins face-off versus Curtis Lazar in Blues zone.
10:05 of 1st period - Shot by Martin Necas.
10:05 of 1st period - Shot Misses the Net.
11:42 of 1st period - Icing by Kris Letang.
11:43 of 1st period - Marcus Johansson wins face-off versus Jack Eichel in Blues zone.
11:54 of 1st period - Shot by Kris Letang.
11:54 of 1st period - Stopped by Cam Talbot without a rebound.
11:55 of 1st period - Nico Hischier wins face-off versus Cody Glass in Canucks zone.
11:56 of 1st period - Shot by Auston Matthews.
11:56 of 1st period - Goal by Auston Matthews - Blues : 1 - Canucks : 1.
11:57 of 1st period - Boone Jenner wins face-off versus Nico Hischier in neutral zone.
12:13 of 1st period - Shot by Kevin Hayes.
12:13 of 1st period - Goal by Kevin Hayes - Blues : 1 - Canucks : 2.
12:14 of 1st period - Brayden Point wins face-off versus Derek Ryan in neutral zone.
12:27 of 1st period - Cale Makar is hit by Martin Necas and loses puck.
12:45 of 1st period - Shot by Derek Ryan.
12:45 of 1st period - Stopped by Cam Talbot with a rebound.
13:00 of 1st period - Icing by Samuel Girard.
13:01 of 1st period - Brayden Point wins face-off versus Nico Hischier in Canucks zone.
13:01 of 1st period - Brayden Point is hit by Auston Matthews.
15:24 of 1st period - Shot by Andrew Mangiapane.
15:24 of 1st period - Stopped by Cam Talbot without a rebound.
15:25 of 1st period - Cody Glass wins face-off versus Nico Hischier in Canucks zone.
15:41 of 1st period - Shot by Nico Hischier.
15:41 of 1st period - Shot Misses the Net.
15:55 of 1st period - Shot by Conor Garland.
15:55 of 1st period - Shot Misses the Net.
15:57 of 1st period - Shot by Cody Glass.
15:57 of 1st period - Shot Misses the Net.
15:59 of 1st period - Shot by Conor Garland.
15:59 of 1st period - Stopped by Carter Hart without a rebound.
16:00 of 1st period - Jack Eichel wins face-off versus Ryan Nugent-Hopkins in Blues zone.
16:02 of 1st period - Icing by Anthony DeAngelo.
16:03 of 1st period - Ryan Nugent-Hopkins wins face-off versus Jack Eichel in Blues zone.
16:04 of 1st period - Shot by Mathew Barzal.
16:04 of 1st period - Stopped by Carter Hart without a rebound.
16:05 of 1st period - Jack Eichel wins face-off versus Jason Zucker in Blues zone.
16:12 of 1st period - Shot by Jack Eichel.
16:12 of 1st period - Stopped by Cam Talbot without a rebound.
16:13 of 1st period - Ryan Nugent-Hopkins wins face-off versus Nico Hischier in Canucks zone.
16:13 of 1st period - Ryan Nugent-Hopkins is hit by Clayton Keller.
16:36 of 1st period - Nico Hischier is hit by Bowen Byram and loses puck.
16:48 of 1st period - Icing by Kris Letang.
16:49 of 1st period - Nico Hischier wins face-off versus Brayden Point in Blues zone.
16:49 of 1st period - Nico Hischier is hit by Martin Necas.
17:19 of 1st period - Martin Necas is hit by Kris Letang and loses puck.
17:21 of 1st period - Minor Penalty to Mitch Marner for Tripping.
17:22 of 1st period - Jack Eichel wins face-off versus Boone Jenner in Canucks zone.
18:34 of 1st period - Shot by Nico Hischier.
18:34 of 1st period - Stopped by Cam Talbot without a rebound.
18:35 of 1st period - Auston Matthews wins face-off versus Boone Jenner in Canucks zone.
18:38 of 1st period - Shot by Filip Hronek.
18:38 of 1st period - Goal by Filip Hronek - Blues : 2 - Canucks : 2.
18:39 of 1st period - Brayden Point wins face-off versus Curtis Lazar in neutral zone.
18:42 of 1st period - Shot by Martin Necas.
18:42 of 1st period - Deflect By Brayden Point.
18:42 of 1st period - Stopped by Carter Hart without a rebound.
18:43 of 1st period - Brayden Point wins face-off versus Jack Eichel in Blues zone.
18:51 of 1st period - Brayden Point is hit by Carson Soucy and loses puck.
18:57 of 1st period - Anthony DeAngelo is hit by Samuel Girard and loses puck.
19:27 of 1st period - Yanni Gourde is hit by Morgan Rielly and loses puck.
19:38 of 1st period - Devon Toews is hit by Martin Necas and loses puck.
19:50 of 1st period - Miles Wood is hit by Morgan Rielly and loses puck.
Goals for this period are 2 for Blues vs 2 for Canucks.
Shots for this period are 11 for Blues vs 10 for Canucks.

2nd period


0:01 of 2nd period - Nico Hischier wins face-off versus Ryan Nugent-Hopkins in neutral zone.
0:10 of 2nd period - Shot by Clayton Keller.
0:10 of 2nd period - Stopped by Cam Talbot without a rebound.
0:11 of 2nd period - Boone Jenner wins face-off versus Jack Eichel in Canucks zone.
0:11 of 2nd period - Boone Jenner is hit by Craig Smith.
0:16 of 2nd period - Alec Martinez is hit by Yanni Gourde and loses puck.
0:44 of 2nd period - Minor Penalty to Yanni Gourde for Charging.
0:45 of 2nd period - Nico Hischier wins face-off versus Mathew Barzal in Blues zone.
0:45 of 2nd period - Nico Hischier is hit by Brayden Point.
0:46 of 2nd period - Minor Penalty to Mitch Marner for Slashing.
0:47 of 2nd period - Auston Matthews wins face-off versus Brayden Point in Canucks zone.
0:57 of 2nd period - Minor Penalty to Ryan Nugent-Hopkins for Hooking.
0:57 of 2nd period - Minor Penalty to Nico Hischier for High sticking.
0:58 of 2nd period - Brayden Point wins face-off versus Auston Matthews in neutral zone.
1:10 of 2nd period - Icing by Cale Makar.
1:11 of 2nd period - Auston Matthews wins face-off versus Brayden Point in Blues zone.
1:24 of 2nd period - Shot by Jason Zucker.
1:24 of 2nd period - Stopped by Carter Hart without a rebound.
1:25 of 2nd period - Auston Matthews wins face-off versus Brayden Point in Blues zone.
1:42 of 2nd period - Shot by Brayden Point.
1:42 of 2nd period - Shot Misses the Net.
2:33 of 2nd period - Cody Glass is hit by Miles Wood and loses puck.
3:08 of 2nd period - Shot by Marcus Johansson.
3:08 of 2nd period - Stopped by Carter Hart without a rebound.
3:09 of 2nd period - Curtis Lazar wins face-off versus Boone Jenner in Blues zone.
3:09 of 2nd period - Curtis Lazar is hit by Kevin Hayes.
3:28 of 2nd period - Jordan Spence is hit by Carson Soucy and loses puck.
3:32 of 2nd period - Icing by Carson Soucy.
3:33 of 2nd period - Curtis Lazar wins face-off versus Cody Glass in Blues zone.
3:44 of 2nd period - Shot by Evan Rodrigues.
3:44 of 2nd period - Stopped by Cam Talbot without a rebound.
3:45 of 2nd period - Nico Hischier wins face-off versus Jason Zucker in Canucks zone.
4:08 of 2nd period - Kris Letang is hit by Jason Zucker and loses puck.
5:08 of 2nd period - Shot by Jack Eichel.
5:08 of 2nd period - Stopped by Cam Talbot without a rebound.
5:09 of 2nd period - Boone Jenner wins face-off versus Derek Ryan in Canucks zone.
5:29 of 2nd period - Icing by Alec Martinez.
5:30 of 2nd period - Curtis Lazar wins face-off versus Boone Jenner in Canucks zone.
5:42 of 2nd period - Boone Jenner is hit by Kris Letang.
5:49 of 2nd period - Off-side.
5:50 of 2nd period - Nico Hischier wins face-off versus Ryan Nugent-Hopkins in neutral zone.
5:59 of 2nd period - Icing by Samuel Girard.
6:00 of 2nd period - Jack Eichel wins face-off versus Ryan Nugent-Hopkins in Canucks zone.
7:07 of 2nd period - Icing by Bowen Byram.
7:08 of 2nd period - Brayden Point wins face-off versus Derek Ryan in Canucks zone.
7:15 of 2nd period - Shot by Mitch Marner.
7:15 of 2nd period - Shot Blocked by Miles Wood.
7:28 of 2nd period - Martin Necas is hit by Carson Soucy and loses puck.
7:34 of 2nd period - Brayden Point is hit by Carson Soucy and loses puck.
7:47 of 2nd period - Shot by Derek Ryan.
7:47 of 2nd period - Stopped by Cam Talbot with a rebound.
8:36 of 2nd period - Shot by Boone Jenner.
8:36 of 2nd period - Stopped by Carter Hart with a rebound.
8:51 of 2nd period - Icing by Kris Letang.
8:52 of 2nd period - Ryan Nugent-Hopkins wins face-off versus Nico Hischier in Blues zone.
9:03 of 2nd period - Shot by Mathew Barzal.
9:03 of 2nd period - Shot Blocked by Kris Letang.
9:05 of 2nd period - Shot by Morgan Rielly.
9:05 of 2nd period - Shot Blocked by Clayton Keller.
10:07 of 2nd period - Filip Hronek is hit by Ryan Nugent-Hopkins and loses puck.
10:32 of 2nd period - Shot by Brayden Point.
10:32 of 2nd period - Stopped by Carter Hart without a rebound.
10:33 of 2nd period - Cody Glass wins face-off versus Derek Ryan in Blues zone.
10:51 of 2nd period - Off-side.
10:52 of 2nd period - Curtis Lazar wins face-off versus Martin Necas in neutral zone.
10:52 of 2nd period - Anthony DeAngelo is hit by Bowen Byram and loses puck.
11:04 of 2nd period - Sheldon Dries is hit by Bowen Byram and loses puck.
11:13 of 2nd period - Shot by Evan Rodrigues.
11:13 of 2nd period - Stopped by Cam Talbot without a rebound.
11:14 of 2nd period - Auston Matthews wins face-off versus Boone Jenner in Canucks zone.
11:23 of 2nd period - Nico Hischier is hit by Kevin Hayes.
11:31 of 2nd period - Kevin Hayes is hit by Nico Hischier and loses puck.
11:50 of 2nd period - Shot by Nico Hischier.
11:50 of 2nd period - Deflect By Auston Matthews.
11:50 of 2nd period - Stopped by Cam Talbot without a rebound.
11:51 of 2nd period - Brayden Point wins face-off versus Jack Eichel in Canucks zone.
11:51 of 2nd period - Brayden Point is hit by Yanni Gourde.
12:25 of 2nd period - Icing by Jordan Spence.
12:26 of 2nd period - Nico Hischier wins face-off versus Brayden Point in Canucks zone.
12:49 of 2nd period - Shot by Clayton Keller.
12:49 of 2nd period - Shot Misses the Net.
13:05 of 2nd period - Shot by Clayton Keller.
13:05 of 2nd period - Stopped by Cam Talbot without a rebound.
13:06 of 2nd period - Jack Eichel wins face-off versus Ryan Nugent-Hopkins in Canucks zone.
13:12 of 2nd period - Jason Zucker is hit by Devon Toews and loses puck.
13:17 of 2nd period - Shot by Jason Zucker.
13:17 of 2nd period - Stopped by Carter Hart with a rebound.
13:19 of 2nd period - Shot by Samuel Girard.
13:19 of 2nd period - Shot Misses the Net.
13:20 of 2nd period - Minor Penalty to Filip Hronek for Slashing.
13:21 of 2nd period - Derek Ryan wins face-off versus Kevin Hayes in Blues zone.
13:31 of 2nd period - Samuel Girard is hit by Kris Letang and loses puck.
13:35 of 2nd period - Minor Penalty to Devon Toews for Hooking.
13:36 of 2nd period - Mathew Barzal wins face-off versus Yanni Gourde in Blues zone.
13:43 of 2nd period - Shot by Brayden Point.
13:43 of 2nd period - Stopped by Carter Hart without a rebound.
13:44 of 2nd period - Kevin Hayes wins face-off versus Derek Ryan in Blues zone.
13:58 of 2nd period - Anthony DeAngelo is hit by Martin Necas and loses puck.
14:11 of 2nd period - Shot by Morgan Rielly.
14:11 of 2nd period - Shot Misses the Net.
14:13 of 2nd period - Shot by Morgan Rielly.
14:13 of 2nd period - Shot Misses the Net.
14:49 of 2nd period - Shot by Mitch Marner.
14:49 of 2nd period - Shot Misses the Net.
14:51 of 2nd period - Shot by Brayden Point.
14:51 of 2nd period - Stopped by Carter Hart with a rebound.
14:53 of 2nd period - Shot by Mitch Marner.
14:53 of 2nd period - Stopped by Carter Hart without a rebound.
14:54 of 2nd period - Yanni Gourde wins face-off versus Mathew Barzal in Blues zone.
15:05 of 2nd period - Shot by Samuel Girard.
15:05 of 2nd period - Stopped by Carter Hart without a rebound.
15:06 of 2nd period - Yanni Gourde wins face-off versus Mathew Barzal in Blues zone.
15:46 of 2nd period - Conor Garland is hit by Curtis Lazar and loses puck.
15:59 of 2nd period - Icing by Bowen Byram.
16:00 of 2nd period - Cody Glass wins face-off versus Nico Hischier in Canucks zone.
16:00 of 2nd period - Cody Glass is hit by Auston Matthews.
16:08 of 2nd period - Clayton Keller is hit by Conor Garland and loses puck.
16:47 of 2nd period - Jordan Spence is hit by Auston Matthews.
17:13 of 2nd period - Icing by Yanni Gourde.
17:14 of 2nd period - Jack Eichel wins face-off versus Brayden Point in Blues zone.
17:24 of 2nd period - Shot by Mitch Marner.
17:24 of 2nd period - Shot Misses the Net.
17:26 of 2nd period - Shot by Mitch Marner.
17:26 of 2nd period - Stopped by Carter Hart without a rebound.
17:27 of 2nd period - Derek Ryan wins face-off versus Ryan Nugent-Hopkins in Blues zone.
17:27 of 2nd period - Anthony DeAngelo is hit by Jason Zucker and loses puck.
18:07 of 2nd period - Ryan Nugent-Hopkins is hit by Anthony DeAngelo and loses puck.
18:23 of 2nd period - Off-side.
18:24 of 2nd period - Nico Hischier wins face-off versus Brayden Point in neutral zone.
18:48 of 2nd period - Shot by Clayton Keller.
18:48 of 2nd period - Stopped by Cam Talbot with a rebound.
19:02 of 2nd period - Shot by Brayden Point.
19:02 of 2nd period - Stopped by Carter Hart without a rebound.
19:03 of 2nd period - Boone Jenner wins face-off versus Jack Eichel in Blues zone.
19:21 of 2nd period - Jack Eichel is hit by Ty Smith.
19:37 of 2nd period - Shot by Yanni Gourde.
19:37 of 2nd period - Stopped by Cam Talbot without a rebound.
19:38 of 2nd period - Ryan Nugent-Hopkins wins face-off versus Miles Wood in Canucks zone.
Goals for this period are 0 for Blues vs 0 for Canucks.
Shots for this period are 9 for Blues vs 11 for Canucks.

3rd period


0:01 of 3rd period - Brayden Point wins face-off versus Nico Hischier in neutral zone.
0:44 of 3rd period - Shot by Nico Hischier.
0:44 of 3rd period - Stopped by Cam Talbot with a rebound.
1:27 of 3rd period - Shot by Mathew Barzal.
1:27 of 3rd period - Shot Blocked by Filip Hronek.
1:29 of 3rd period - Shot by Jordan Spence.
1:29 of 3rd period - Goal by Jordan Spence - Blues : 2 - Canucks : 3.
1:30 of 3rd period - Derek Ryan wins face-off versus Boone Jenner in neutral zone.
1:51 of 3rd period - Icing by Derek Ryan.
1:52 of 3rd period - Derek Ryan wins face-off versus Ryan Nugent-Hopkins in Blues zone.
3:12 of 3rd period - Brayden Point is hit by Cale Makar and loses puck.
4:02 of 3rd period - Off-side.
4:03 of 3rd period - Cody Glass wins face-off versus Derek Ryan in neutral zone.
4:05 of 3rd period - Bowen Byram is hit by Miles Wood and loses puck.
4:18 of 3rd period - Shot by Bowen Byram.
4:18 of 3rd period - Goal by Bowen Byram - Blues : 2 - Canucks : 4.
4:19 of 3rd period - Jack Eichel wins face-off versus Ryan Nugent-Hopkins in neutral zone.
4:21 of 3rd period - Devon Toews is hit by Ty Smith.
4:37 of 3rd period - Shot by Devon Toews.
4:37 of 3rd period - Shot Misses the Net.
5:01 of 3rd period - Shot by Mathew Barzal.
5:01 of 3rd period - Stopped by Carter Hart without a rebound.
5:02 of 3rd period - Curtis Lazar wins face-off versus Brayden Point in Blues zone.
5:02 of 3rd period - Evan Rodrigues is hit by Mitch Marner and loses puck.
5:21 of 3rd period - Shot by Evan Rodrigues.
5:21 of 3rd period - Stopped by Cam Talbot without a rebound.
5:22 of 3rd period - Boone Jenner wins face-off versus Nico Hischier in Canucks zone.
6:38 of 3rd period - Shot by Jack Eichel.
6:38 of 3rd period - Stopped by Cam Talbot without a rebound.
6:39 of 3rd period - Derek Ryan wins face-off versus Brayden Point in Canucks zone.
6:39 of 3rd period - Derek Ryan is hit by Samuel Girard.
6:41 of 3rd period - Shot by Miles Wood.
6:41 of 3rd period - Stopped by Cam Talbot without a rebound.
6:42 of 3rd period - Brayden Point wins face-off versus Derek Ryan in Canucks zone.
7:13 of 3rd period - Shot by Mitch Marner.
7:13 of 3rd period - Shot Misses the Net.
7:37 of 3rd period - Ryan Nugent-Hopkins is hit by Miles Wood and loses puck.
8:38 of 3rd period - Yanni Gourde is hit by Jason Zucker and loses puck.
8:46 of 3rd period - Jack Eichel is hit by Alec Martinez and loses puck.
8:49 of 3rd period - Shot by Jack Eichel.
8:49 of 3rd period - Stopped by Cam Talbot without a rebound.
8:50 of 3rd period - Boone Jenner wins face-off versus Evan Rodrigues in Canucks zone.
8:50 of 3rd period - Boone Jenner is hit by Curtis Lazar.
9:06 of 3rd period - Shot by Kevin Hayes.
9:06 of 3rd period - Shot Blocked by Devon Toews.
9:52 of 3rd period - Shot by Brayden Point.
9:52 of 3rd period - Stopped by Carter Hart with a rebound.
9:54 of 3rd period - Shot by Mitch Marner.
9:54 of 3rd period - Stopped by Carter Hart without a rebound.
9:55 of 3rd period - Nico Hischier wins face-off versus Cody Glass in Blues zone.
9:55 of 3rd period - Nico Hischier is hit by Cody Glass.
10:05 of 3rd period - Icing by Morgan Rielly.
10:06 of 3rd period - Cody Glass wins face-off versus Jack Eichel in Canucks zone.
10:22 of 3rd period - Icing by Cale Makar.
10:23 of 3rd period - Craig Smith wins face-off versus Brayden Point in Blues zone.
10:23 of 3rd period - Craig Smith is hit by Brayden Point.
10:55 of 3rd period - Shot by Mitch Marner.
10:55 of 3rd period - Shot Blocked by Cale Makar.
10:57 of 3rd period - Shot by Mitch Marner.
10:57 of 3rd period - Shot Misses the Net.
10:59 of 3rd period - Shot by Jordan Spence.
10:59 of 3rd period - Shot Blocked by Kris Letang.
11:01 of 3rd period - Shot by Mitch Marner.
11:01 of 3rd period - Shot Blocked by Kris Letang.
11:03 of 3rd period - Shot by Bowen Byram.
11:03 of 3rd period - Stopped by Carter Hart with a rebound.
11:09 of 3rd period - Shot by Martin Necas.
11:09 of 3rd period - Shot Blocked by Kris Letang.
11:25 of 3rd period - Shot by Ryan Nugent-Hopkins.
11:25 of 3rd period - Stopped by Carter Hart without a rebound.
11:26 of 3rd period - Marcus Johansson wins face-off versus Nico Hischier in Blues zone.
11:26 of 3rd period - Alec Martinez is hit by Filip Hronek and loses puck.
11:40 of 3rd period - Devon Toews is hit by Boone Jenner and loses puck.
11:47 of 3rd period - Shot by Kevin Hayes.
11:47 of 3rd period - Stopped by Carter Hart without a rebound.
11:48 of 3rd period - Ryan Nugent-Hopkins wins face-off versus Derek Ryan in Blues zone.
11:51 of 3rd period - Shot by Mathew Barzal.
11:51 of 3rd period - Stopped by Carter Hart without a rebound.
11:52 of 3rd period - Auston Matthews wins face-off versus Ryan Nugent-Hopkins in Blues zone.
11:52 of 3rd period - Auston Matthews is hit by Jason Zucker.
12:00 of 3rd period - Shot by Mathew Barzal.
12:00 of 3rd period - Stopped by Carter Hart without a rebound.
12:01 of 3rd period - Clayton Keller wins face-off versus Brayden Point in Blues zone.
12:34 of 3rd period - Shot by Clayton Keller.
12:34 of 3rd period - Stopped by Cam Talbot without a rebound.
12:35 of 3rd period - Jack Eichel wins face-off versus Ryan Nugent-Hopkins in Canucks zone.
12:51 of 3rd period - Mathew Barzal is hit by Kris Letang and loses puck.
13:15 of 3rd period - Cale Makar is hit by Jason Zucker and loses puck.
13:45 of 3rd period - Brayden Point is hit by Kris Letang and loses puck.
13:53 of 3rd period - Yanni Gourde is hit by Brayden Point and loses puck.
14:38 of 3rd period - Shot by Nico Hischier.
14:38 of 3rd period - Stopped by Cam Talbot without a rebound.
14:39 of 3rd period - Cody Glass wins face-off versus Derek Ryan in Canucks zone.
14:39 of 3rd period - Cody Glass is hit by Miles Wood.
14:44 of 3rd period - Bowen Byram is hit by Anthony DeAngelo and loses puck.
14:54 of 3rd period - Alex Newhook is hit by Carson Soucy.
16:10 of 3rd period - Shot by Nico Hischier.
16:10 of 3rd period - Stopped by Cam Talbot without a rebound.
16:11 of 3rd period - Curtis Lazar wins face-off versus Brayden Point in Canucks zone.
16:23 of 3rd period - Mitch Marner is hit by Sheldon Dries and loses puck.
16:39 of 3rd period - Minor Penalty to Kris Letang for Tripping.
16:40 of 3rd period - Kevin Hayes wins face-off versus Nico Hischier in Blues zone.
17:32 of 3rd period - Off-side.
17:33 of 3rd period - Nico Hischier wins face-off versus Mathew Barzal in neutral zone.
18:08 of 3rd period - Shot by Mathew Barzal.
18:08 of 3rd period - Deflect By Mitch Marner.
18:08 of 3rd period - Stopped by Carter Hart without a rebound.
18:09 of 3rd period - Kevin Hayes wins face-off versus Auston Matthews in Blues zone.
19:15 of 3rd period - Jack Eichel is hit by Bowen Byram and loses puck.
Goals for this period are 0 for Blues vs 2 for Canucks.
Shots for this period are 8 for Blues vs 11 for Canucks.